 Dungeon Sprint DCSS version 0.17-a0-1570-g74b7129 (webtiles) character file.

12 nuthulu the Shield-Bearer (level 3, -10/25 HPs)
             Began as a Gargoyle Fighter on July 23, 2015.
             Was an Initiate of Okawaru.
             Impaled on a porcupine's spines (14 damage)
             ... in the Dungeon (Sprint VI: "Thunderdome").
             The game lasted 00:01:36 (226 turns).

nuthulu the Shield-Bearer (Gargoyle Fighter)         Turns: 226, Time: 00:01:36

Health: -10/25     AC: 10    Str: 22    XL:     3   Next: 58%
Magic:  12/12      EV:  7    Int: 16    God:    Okawaru [......]
Gold:   40         SH: 10    Dex: 17    Spells: 0 memorised, 2 levels left

rFire  + . .     SeeInvis .     a - +0 flail
rCold  + + .     Clarity  .     b - +0 scale mail
rNeg   + . .     SustAt   .     c - +0 shield
rPois  ∞         Gourm    .     (no helmet)
rElec  +         Spirit   .     (no cloak)
rCorr  +         Warding  .     (no gloves)
rMut   .         NoTele   +     (no boots)
MR     .....                    s - amulet of the Lizard {rCorr rElec Int+4 Dex+4 Stlth+}
Stlth  +.........               r - ring of the Lives {rC+ Int+4}
                                q - ring "Muiwocum" {rF+ rC+ MP+9 Str-3 Dex+4}

@: mighty, not resistant to hostile enchantments, very unstealthy
A: negative energy resistance 1, electricity resistance, unbreathing,
petrification resistance, rot immunity, AC +3
a: Renounce Religion


You were in the Dungeon.
You worshipped Okawaru.
Okawaru was noncommittal.
You were not hungry.

You visited 1 branch You collected 220 gold pieces.
You spent 180 gold pieces at shops.

Inventory:

Hand weapons
 a - a +0 flail (weapon)
Armour
 b - a +0 scale mail (worn)
 c - a +0 shield (worn)
Jewellery
 p - the amulet of the Heavens {+Rage +Fly rF- rN+}
   (You bought it in a shop in the Dungeon)

   [amulet of rage]

   It makes you vulnerable to fire.
   It protects you from negative energy.
   It lets you fly.
   It lets you go berserk.
 q - the ring "Muiwocum" (left hand) {rF+ rC+ MP+9 Str-3 Dex+4}
   (You bought it in a shop in the Dungeon)

   [ring of magical power]

   It affects your strength (-3).
   It affects your dexterity (+4).
   It protects you from fire.
   It protects you from cold.
   It affects your magic capacity (+9).
 r - the ring of the Lives (right hand) {rC+ Int+4}
   (You bought it in a shop in the Dungeon)

   [ring of protection from cold]

   It affects your intelligence (+4).
   It protects you from cold.
 s - the amulet of the Lizard (around neck) {rCorr rElec Int+4 Dex+4 Stlth+}
   (You bought it in a shop in the Dungeon)

   [amulet of resist corrosion]

   It protects you from acid and corrosion.
   It affects your intelligence (+4).
   It affects your dexterity (+4).
   It insulates you from electricity.
   It makes you more stealthy.
Magical devices
 l - a wand of cold (5)
 m - a wand of fire (5)
Scrolls
 k - 4 scrolls of blinking
 n - 3 scrolls of fog
Potions
 f - a potion of curing
 g - 4 potions of heal wounds
 h - 4 potions of haste
 i - 2 potions of magic
 j - a potion of berserk rage
 o - a potion of resistance
Comestibles
 e - a bread ration
 t - a chunk of flesh


   Skills:
 + Level 4.9 Fighting
 + Level 3.7 Maces & Flails
 + Level 4.9 Armour
 + Level 5.0 Shields


You had 2 spell levels left.
You didn't know any spells.

Dungeon Overview and Level Annotations

Branches:
Dungeon (1/1)

Altars:
Cheibriados
Dithmenos
Fedhas
Gozag
Kikubaaqudgha
Makhleb
Okawaru
Qazlal
Ru
Sif Muna
Trog
Vehumet
Xom
Yredelemnul
Zin
The Shining One
Jiyva
Lugonu

Shops:
D *[%??*?*:[((!!!!


Innate Abilities, Weirdness & Mutations

You are resistant to torment.
Your stone body is resilient (AC +3).
You are immune to poison.
You resist negative energy.
You are resistant to electric shocks.
You can survive without breathing.
You are immune to petrification.
You are immune to rotting.


Message History

You see here a river rat corpse.
A porcupine comes into view.
Drink which item? (? for menu, Esc to quit)
You feel very mighty all of a sudden. You block the porcupine's attack.
You are struck by the porcupine's spines.
You sock the porcupine!
The porcupine is heavily wounded.
You block the porcupine's attack.
You are struck by the porcupine's spines.
* * * LOW HITPOINT WARNING * * *
You barely miss the porcupine.
The porcupine is heavily wounded.
You block the porcupine's attack. The porcupine barely misses you.
You closely miss the porcupine.
The porcupine is moderately wounded.
You block the porcupine's attack.
You are struck by the porcupine's spines.
Ouch! That really hurt!
You die...

#_......._# #.........#
#........_# ###.........###
#⌠...........⌠#
######.8.........8.######
##∩___......###......___∩##
##∩........8.# #.8...(.(..∩###
.............###@............##
..........###..r###........†.§#
..........# #.<.# #..........⌠#
..........###...###..........§#
.............###†............##
##∩........8.# #.8........∩###
##∩.__......###......__.∩##
######.8.....[...8.######
#⌠...........⌠#


You could see a porcupine.

Vanquished Creatures
  Terence (D)
  A river rat (D)
  An ooze (D)
  A bat skeleton (D)
  A kobold (D)
  A bat (D)
  A rat (D)
7 creatures vanquished.

Notes
Turn   | Place    | Note
--------------------------------------------------------------
     0 | D        | nuthulu the Gargoyle Fighter began the quest for the Orb.
     0 | D        | Reached XP level 1. HP: 14/14 MP: 1/1
     1 | D        | Found a corrupted altar of Lugonu.
     1 | D        | Found a blossoming altar of Fedhas.
     2 | D        | Found a snail-covered altar of Cheibriados.
     3 | D        | Found a bloodstained altar of Trog.
     4 | D        | Found Amideir's Identification Station.
     4 | D        | Found a burning altar of Makhleb.
     4 | D        | Found a stormy altar of Qazlal.
     4 | D        | Found Peunk's Bee Food.
     5 | D        | Found Toresoh's Advanced Armour.
     5 | D        | Found Bimore's Jewellery.
     5 | D        | Round 1.
    13 | D        | Bought a glittering bone amulet for 45 gold pieces
    13 | D        | Bought a pitted silver ring for 45 gold pieces
    13 | D        | Bought a faintly glowing silver ring for 45 gold pieces
    13 | D        | Identified the amulet of the Heavens {+Rage +Fly rF- rN+} (You bought it in a shop in the Dungeon)
    14 | D        | Identified the ring "Muiwocum" {rF+ rC+ MP+9 Str-3 Dex+4} (You bought it in a shop in the Dungeon)
    15 | D        | Identified the ring of the Lives {rC+ Int+4} (You bought it in a shop in the Dungeon)
    16 | D        | Bought a scorched ivory amulet for 45 gold pieces
    17 | D        | Identified the amulet of the Lizard {rCorr rElec Int+4 Dex+4 Stlth+} (You bought it in a shop in the Dungeon)
    23 | D        | Found a sacrificial altar of Ru.
    24 | D        | Found Daonwaim's Magic Scroll Shop.
    25 | D        | Found Xaocagh's Magic Scroll Shop.
    25 | D        | Found Gamen's Must-Have Magic.
    26 | D        | Found a shimmering altar of Xom.
    26 | D        | Found a shadowy altar of Dithmenos.
    26 | D        | Found Seiv's Staff Store.
    30 | D        | Found an iron altar of Okawaru.
    31 | D        | Found a viscous altar of Jiyva.
    32 | D        | Found an ancient bone altar of Kikubaaqudgha.
    33 | D        | Found Icuim's Distillery.
    33 | D        | Found a basalt altar of Yredelemnul.
    33 | D        | Found a glowing golden altar of the Shining One.
    33 | D        | Found Mitoduam's Do-It-Yourself Clinic.
    34 | D        | Found Ofopsele's Distillery.
    34 | D        | Found Yxaoshek's Bottled Wisdom.
    38 | D        | Became a worshipper of Warmaster Okawaru
    53 | D        | Found a deep blue altar of Sif Muna.
    54 | D        | Found a radiant altar of Vehumet.
    55 | D        | Found a glowing silver altar of Zin.
    56 | D        | Found an opulent altar of Gozag.
    56 | D        | Found Efiminaf's Weapon Rack.
    56 | D        | Found Juafub's Premium Goods.
    57 | D        | Found Figezi's Basic Armour.
    57 | D        | Found Quazomn's Miscellaneous Merchandise.
    60 | D        | Noticed Terence
    76 | D        | Killed Terence
    76 | D        | Reached skill level 4 in Fighting
    76 | D        | Reached XP level 2. HP: 13/20 MP: 2/2
    76 | D        | Reached XP level 3. HP: 15/24 MP: 3/3
   159 | D        | Arena points: 12 (+12) [x2]
   192 | D        | Round 2.
   210 | D        | Reached skill level 5 in Shields
   216 | D        | Noticed a porcupine
   226 | D        | Impaled on a porcupine's spines

Vault maps used:
D:        arena_sprint

Action                   || total
-------------------------++-------
Melee: Flail             ||    39
  Use: Potion            ||     1
